 Dungeon Crawl Stone Soup version 0.29.1-15-g9cfb28693d (webtiles) character file.

Game seed: 10445629090876361716

458 GigaChad the Chopper (level 6, -1/52 HPs)
             Began as a Minotaur Gladiator on Mar 12, 2023.
             Slain by a scorpion (2 damage)
             ... on level 5 of the Dungeon.
             The game lasted 00:07:43 (4775 turns).

GigaChad the Chopper (Minotaur Gladiator)           Turns: 4775, Time: 00:07:44

Health: -1/52      AC:  3    Str: 21    XL:     6   Next: 77%
Magic:  5/5        EV: 13    Int:  5    God:
Gold:   246        SH:  5    Dex: 11    Spells: 5/5 levels left

rFire   . . .      SeeInvis .   a - +0 war axe
rCold   . . .      Faith    .   (no shield)
rNeg    . . .      Spirit   .   b - +0 leather armour
rPois   .          Reflect  +   c - +0 hat
rElec   .          Harm     .   (no cloak)
rCorr   .          Rampage  .   (no gloves)
Will    .....                   (no boots)
Stlth   +.........              h - amulet of reflection
HPRegen 0.17/turn               (no ring)
MPRegen 0.09/turn               (no ring)

@: lethally poisoned (-1 -> -10), studying Shields
A: horns 2, retaliatory headbutt
a: no special abilities


You were on level 5 of the Dungeon.
You visited 1 branch of the dungeon, and saw 5 of its levels.

You collected 246 gold pieces.

Inventory:

Hand Weapons
 a - a +0 war axe (weapon)
Missiles
 d - 3 throwing nets (quivered)
 e - a javelin
Armour
 b - a +0 leather armour (worn)
 c - a +0 hat (worn)
Jewellery
 h - an amulet of reflection (around neck)
 j - a ring of see invisible
Scrolls
 k - 5 scrolls of teleportation
 l - a scroll of identify
 q - a scroll of magic mapping
 r - a scroll of amnesia {unknown}
 s - a scroll of butterflies {unknown}
Potions
 f - 2 potions of flight {unknown}
 g - 2 potions of heal wounds
 i - a potion of curing {unknown}
 m - a potion of cancellation {unknown}
 n - a potion of lignification {unknown}
 o - a potion of haste {unknown}
 p - 2 potions of mutation {unknown}


   Skills:
 + Level 4.0 Fighting
 + Level 6.5 Axes
 + Level 2.0 Throwing
 + Level 3.0 Armour
 + Level 4.7 Dodging
 + Level 1.0 Stealth
 + Level 1.7 Shields


You had 5 spell levels left.
You didn't know any spells.
Your spell library contained the following spells:

 Spells                   Type           Power      Damage    Failure   Level
 Shock                    Conj/Air       0%         1d3       52%         1
 Sublimation of Blood     Necr           0%         N/A       67%         2
 Wereblood                Tmut           0%         N/A       67%         2
 Swiftness                Air            0%         N/A       88%         3
 Airstrike                Air            0%         2d(0-16)  99%         4
 Summon Hydra             Summ           0%         N/A       100%        7


Dungeon Overview and Level Annotations

Branches:
Dungeon (5/15)
 Temple: D:4-7

Altars:
Ashenzari
Qazlal

Shops:
D:1 *

Annotations:
D:5 1 runed translucent door, GigaChad's ghost, novice MiGl


Innate Abilities, Weirdness & Mutations

You have a pair of horns on your head.
You reflexively headbutt those who attack you in melee.


Message History

The scorpion stings you. You block the iguana's attack.
You closely miss the scorpion. Your headbutt misses the scorpion.
The scorpion is moderately wounded.
You hit the iguana. The scorpion stings you. You block the iguana's attack.
The scorpion stings you.
You are poisoned.
The scorpion poisons you!
You closely miss the scorpion.
The scorpion is moderately wounded.
You hit the iguana.
You feel very sick. The iguana completely misses you. The scorpion stings you.
You hit the scorpion. Your headbutt misses the scorpion.
The scorpion is severely wounded.
You closely miss the iguana.
You feel very sick. The scorpion closely misses you.
The iguana closely misses you.
You feel sick. The scorpion misses you. The iguana bites you!
The scorpion stings you.
* * * LOW HITPOINT WARNING * * *
You are lethally poisoned!
The scorpion poisons you!
You slash the iguana!
You kill the iguana!
You closely miss the scorpion.
* * * LOW HITPOINT WARNING * * *
You feel very sick. The scorpion stings you.
* * * LOW HITPOINT WARNING * * *
Your Armour skill increases to level 3!
* * * LOW HITPOINT WARNING * * *
You feel very sick. The scorpion closely misses you. You furiously retaliate!
You headbutt the scorpion. You hit the scorpion but do no damage.
The scorpion is almost dead.
* * * LOW HITPOINT WARNING * * *
You feel very sick. The scorpion stings you.
You die...

#.. )..$.# #.. #....
#.. #....# # #..
#....##.##.#####..
###..#... .........
...... ........# #s)#
#.# #.# #@.# #.# #.#
#..#########.###.#
#........##...##.#
.....>..#####.#.#......
#######)..............#
#########.#.#.#)#
##...##)# ##.###)# ####
...# #.#


You could see a scorpion.

Vanquished Creatures
  A phantom (D:5)
  A hound (D:4)
  An orc priest (D:5)
  2 iguanas (D:5)
  3 orc wizards
  4 gnolls (D:5)
  5 adders
  A worm (D:4)
  A dart slug (D:1)
  11 orcs
  9 ball pythons
  9 endoplasms
  4 giant cockroaches
  9 goblins
  9 hobgoblins
  8 quokkas
  6 bats
  10 frilled lizards
  4 kobolds
  3 rats
101 creatures vanquished.

Vanquished Creatures (others)
  2 plants (D:4)
2 creatures vanquished.

Grand Total: 103 creatures vanquished

Notes
Turn   | Place    | Note
-------+----------+-------------------------------------------
     0 | D:1      | GigaChad the Minotaur Gladiator began the quest for the
                  | Orb.
     0 | D:1      | Reached XP level 1. HP: 18/18 MP: 0/0
   141 | D:1      | Reached XP level 2. HP: 23/25 MP: 1/1
   296 | D:1      | Reached skill level 4 in Axes
   652 | D:1      | Found Zycriboj's Assorted Antiques.
   683 | D:1      | Reached XP level 3. HP: 30/30 MP: 2/2
  1281 | D:2      | Reached skill level 1 in Armour
  1285 | D:2      | Found a stormy altar of Qazlal.
  1323 | D:2      | Reached XP level 4. HP: 30/38 MP: 3/3
  1778 | D:3      | Reached skill level 5 in Axes
  2190 | D:3      | Found a faded altar of an unknown god.
  2615 | D:4      | Found a broken altar of Ashenzari.
  2644 | D:4      | Reached XP level 5. HP: 18/45 MP: 4/4
  3538 | D:5      | Entered Level 5 of the Dungeon
  3600 | D:5      | Reached skill level 1 in Shields
  3600 | D:5      | Reached XP level 6. HP: 20/51 MP: 5/5
  3729 | D:5      | Reached skill level 6 in Axes
  3890 | D:5      | Found a runed translucent door.
  3894 | D:5      | Noticed GigaChad's ghost (novice MiGl)
  4000 | D:5      | Reached skill level 1 in Stealth
  4775 | D:5      | HP: 1/52 [poisoned by a scorpion]
  4775 | D:5      | Slain by a scorpion

Illustrated notes

Levels and vault maps discovered:
D:1:      dpeg_arrival_signposts, layout_loops_corners, serial_shops, shop
D:2:      cheibrodos_helix_gallery, layout_basic, basic_altar,
          minmay_liquid_box, kennysheep_generic_room_3
D:3:      layout_basic, hellmonk_ecumenical_altar_inner_sanctum, st_stairs_2
D:4:      minmay_evil_eye, layout_loops_ring, mainiacjoe_overflow_chevrons
D:5:      layout_loops_ring, ebering_ghost_reflecting_pool

Skill      XL: |  1  2  3  4  5  6 |
---------------+-------------------+-----
Axes           | 4 5 6 |  6.5
Armour         | 1 2 3 |  3.0
Fighting       | 3 4 |  4.0
Dodging        | 4 |  4.7
Shields        | 1 |  1.7
Stealth        | 1 |  1.0
Throwing       | |  2.0

Action                   |  1- 3 |  4- 6 || total
-------------------------+-------+-------++-------
Melee: War axe           |    53 |   129 ||   182
       Headbutt          |     5 |    19 ||    24
       Punch             |     1 |     2 ||     3
  Use: Scroll            |     2 |     3 ||     5
 Stab: Sleeping          |     1 |       ||     1
Armor: Leather armour    |    17 |    16 ||    33
Dodge: Dodged            |    48 |    75 ||   123
Block: Other             |       |    17 ||    17
